 Dungeon Crawl Stone Soup version 0.22-a0-422-g9628fc8 (webtiles) character file.

37 iamserjio the Magician (level 3, -3/24 HPs)
             Began as a Mummy Earth Elementalist on May 16, 2018.
             Slain by Sigmund
             ... wielding a +0 scythe
              (11 damage)
             ... on level 2 of the Dungeon.
             The game lasted 00:01:40 (1436 turns).

iamserjio the Magician (Mummy Earth Elementalist)   Turns: 1436, Time: 00:01:41

Health: -3/24      AC:  2    Str: 11    XL:     3   Next: 23%
Magic:  4/7        EV: 12    Int: 15    God:
Gold:   20         SH:  0    Dex: 12    Spells: 7/8 levels left

rFire    x . .     SeeInvis .   e - +2 whip (distort)
rCold    + . .     Gourm    .   (no shield)
rNeg     + + +     Faith    .   c - +0 robe
rPois    ∞         Spirit   .   (no helmet)
rElec    .         Reflect  .   (no cloak)
rCorr    .         Harm     .   (no gloves)
MR       .....                  (no boots)
Stlth    +.........             (no amulet)
HPRegen  0.08/turn              (no ring)
MPRegen  0.10/turn              (no ring)

@: confused
A: no food or potions, fire vulnerability, cold resistance 1, negative energy
resistance 3, torment resistance, unbreathing
a: no special abilities


You were on level 2 of the Dungeon.
You were not hungry.

You visited 1 branch of the dungeon, and saw 2 of its levels.

You collected 20 gold pieces.

Inventory:

Hand Weapons
 a - a +0 dagger
 d - a +0 short sword
 e - a +2 whip of distortion (weapon)
Missiles
 b - 14 stones (quivered)
Armour
 c - a +0 robe (worn)
Jewellery
 f - a +3 ring of dexterity {unknown}
Scrolls
 g - 2 scrolls of remove curse {unknown}
 h - a scroll of magic mapping {unknown}
 i - a scroll of blinking {unknown}


   Skills:
 - Level 1.5 Dodging
 - Level 1.5 Stealth
 + Level 3.4 Spellcasting
   Level 0.7 Transmutations
 * Level 3.2 Earth Magic


You had 7 spell levels left.
You knew the following spells:

 Your Spells              Type           Power        Failure   Level  Hunger
a - Sandblast             Erth           ##....       4%          1    N/A

Your spell library contained the following spells:

 Spells                   Type           Power        Failure   Level  Hunger
 Stone Arrow              Conj/Erth      #.....       28%         3    N/A
 Passwall                 Tmut/Erth      #.........   13%         2    N/A
 Lee's Rapid Deconstruct  Erth           ##........   80%         5    N/A
 Petrify                  Tmut/Erth      #.......     63%         4    N/A

Dungeon Overview and Level Annotations

Branches:
Dungeon (2/15)

Altars:

Annotations:
D:2 Sigmund


Innate Abilities, Weirdness & Mutations

You do not eat or drink.
Your flesh is vulnerable to fire.
You are immune to poison.
Your flesh is cold resistant. (rC+)
You are immune to negative energy. (rN+++)
You are immune to unholy pain and torment.
You can survive without breathing.


Message History

Aiming: Sandblast (safe; 4% risk of failure)
Press: ? - help, Shift-Dir - straight line, f - hobgoblin
Aim: a hobgoblin, wielding a club The blast of sand hits the hobgoblin.
You kill the hobgoblin!
b - 14 stones You start resting.
Sigmund the Dreaded comes into view.
He is wielding a scythe.
Sigmund is nearby!
Sigmund is nearby!
Sigmund says, "Look into my eyes."
You see here a club.
Okay, then.
Sigmund laughs darkly.
Sigmund casts a spell at you.
You are confused.
You're too confused to move!
You bump into the rock wall.
Sigmund hits you from afar with a scythe!
You die...

#.#.###...####
..# ##.##
#.#.###.## ..#.
#.#.## hh..###..#
#.h....########
#####.........#
#.#######.# #)#
#####@###...
#.###..@.........
#.........###...#
#.....##### ##
#######


You could see Sigmund.

Vanquished Creatures
  An adder (D:2)
  2 dart slugs (D:1)
  2 bats
  2 giant cockroaches (D:1)
  4 hobgoblins
  3 jackals (D:2)
  2 frilled lizards
  3 goblins (D:1)
  4 rats
23 creatures vanquished.

Notes
Turn   | Place    | Note
-------+----------+-------------------------------------------
     0 | D:1      | iamserjio the Mummy Earth Elementalist began the quest for the Orb.
     0 | D:1      | Reached XP level 1. HP: 13/13 MP: 4/4
   507 | D:1      | Reached XP level 2. HP: 16/19 MP: 1/6
  1181 | D:2      | Reached XP level 3. HP: 23/24 MP: 3/7
  1424 | D:2      | Noticed Sigmund
  1436 | D:2      | Slain by Sigmund

Vault maps used:
D:1:      evilmike_arrival_hilbert_curve
D:2:      grunt_temple_overflow_open, first_ration, uniq_jessica, uniq_sigmund

Skill      XL: |  1  2 |
---------------+-------+-----
Spellcasting   | 3 |  3.4
Earth Magic    | 3 |  3.2
Dodging        | |  1.5
Stealth        | |  1.5
Transmutations | |  0.7

Action                   || total
-------------------------++-------
Melee: Dagger            ||    15
       Short sword       ||    18
       Whip              ||     8
 Cast: Sandblast         ||    16
 Stab: Sleeping          ||     1
Armor: Robe              ||    10
Dodge: Dodged            ||    34

Table legend:
 A = Spawn XP
 B = Non-spawn XP
 C = Spawn XP percentage of total XP
 D = Spawn monster count
 E = Non-spawn monster count
 F = Spawn count percentage of total count
 G = Total turns spent on level
                    A         B        C        D         E        F      G
               +---------+---------+-------+---------+---------+-------+---------
         Total |       0 |      54 |   0.0 |       0 |      23 |   0.0 |  1436
               +---------+---------+-------+---------+---------+-------+---------
           D:1 |       0 |      28 |   0.0 |       0 |      14 |   0.0 |  1178
           D:2 |       0 |      26 |   0.0 |       0 |       9 |   0.0 |   258
               +---------+---------+-------+---------+---------+-------+---------
